 Dungeon Crawl Stone Soup version 0.20-a0-1089-g3fde505 (webtiles) character file.

1075 Dominolapin the Poker (level 8, -10/61 HPs)
             Began as a Demonspawn Gladiator on May 2, 2017.
             Mangled by Pikel
             ... wielding a +2 whip of electrocution
              (17 damage)
             ... on level 5 of the Dungeon.
             The game lasted 00:10:26 (4849 turns).

Dominolapin the Poker (Demonspawn Gladiator)        Turns: 4849, Time: 00:10:27

Health: -10/61     AC: 11    Str: 15    XL:     8   Next: 8%
Magic:  0/8        EV: 10    Int: 12    God:
Gold:   147        SH:  0    Dex: 14    Spells: 7/7 levels left

rFire    . . .     SeeInvis .   q - +0 glaive
rCold    . . .     Gourm    .   (shield currently unavailable)
rNeg     . . .     Faith    .   t - +0 scale mail
rPois    .         Spirit   +   (helmet restricted)
rElec    .         Reflect  .   (no cloak)
rCorr    .         Harm     .   (no gloves)
MR       +....                  (no boots)
Stlth    +.........             s - amulet of guardian spirit
Regen    0.2/turn               m - ring of stealth
MPRegen  0.2/turn               (no ring)

@: no status effects
A: antennae 1, talons 1, icy blue scales 2, magic resistance 1, powered by death
1, powered by pain 1, shaggy fur 1, wild magic 1
a: no special abilities


You were on level 5 of the Dungeon.
You were not hungry.

You visited 1 branch of the dungeon, and saw 5 of its levels.

You collected 244 gold pieces.
You spent 97 gold pieces at shops.

Inventory:

Hand Weapons
 c - a +3 spear
 q - a +0 glaive (weapon)
Missiles
 d - 2 throwing nets (quivered)
Armour
 t - a +0 scale mail (worn)
Jewellery
 m - a ring of stealth (left hand)
 s - an amulet of guardian spirit (around neck)
Wands
 n - a wand of flame (16/48)
Scrolls
 i - 4 scrolls of teleportation
 l - a scroll of identify
 r - a scroll of noise
 u - 2 scrolls of fear
 v - 3 scrolls of enchant armour
Potions
 a - a potion of haste {unknown}
 e - a potion of degeneration
 h - 2 potions of agility
 k - a potion of lignification
 o - 2 potions of curing
 p - 2 potions of berserk rage {unknown}
Comestibles
 b - 5 chunks of flesh
 f - 2 bread rations
 g - 4 royal jellies
 j - 3 meat rations
 w - 4 fruits


   Skills:
 + Level 4.5 Fighting
 + Level 7.2 Polearms
 - Level 1.7 Throwing
 * Level 3.7 Armour
 - Level 2.6 Dodging


You had 7 spell levels left.
You didn't know any spells.

Dungeon Overview and Level Annotations

Branches:
Dungeon (5/15)
 Temple: D:4-7

Altars:

Shops:
D:4 *

Annotations:
D:5 Pikel


Innate Abilities, Weirdness & Mutations

You have a pair of small antennae on your head.
You are mostly covered in icy blue scales. (AC +3)
You regenerate a little health from kills.
You sometimes gain a little power by taking damage.
You have sharp toenails.
You are resistant to hostile enchantments. (MR+)
You are covered in fur. (AC +1)
Your spells are a little harder to cast, but a little more powerful.


Message History

Pikel closely misses you.
Your scale mail prevents you from hitting Pikel.
Pikel is lightly wounded.
Pikel hits you but does no damage.
You hit Pikel.
Pikel is lightly wounded.
Pikel barely misses you.
Pikel hits you with a whip of electrocution.
* * * LOW HITPOINT WARNING * * *
You slice Pikel!! Your kick misses Pikel.
Pikel is severely wounded.
Pikel hits you but does no damage.
You hit Pikel but do no damage.
Pikel is severely wounded.
Pikel hits you but does no damage.
You barely miss Pikel. You claw Pikel, but do no damage.
Pikel is severely wounded.
Pikel sighs. "I should capture elves; my bodyguards all look the same!"
Pikel hits you but does no damage.
You are electrocuted!
You die...

#### #########) ...
#......... ..#
#.##.##### #.# .#....#
#.# ## #.##..#
#$####p..##
#.##..########..@Kpp....
#...........##.####p..##
..##..#####.##.# ##
#..............#
...##..###...#.#####.#
......................
...##........#.####.#.
...###.###..##.#
.......# #.....#


You could see Pikel and 4 slaves.

Vanquished Creatures
  Grinder (D:3)
  Edmund (D:5)
  An ogre (D:5)
  A howler monkey (D:5)
  A bullfrog skeleton (D:3)
  A hound (D:4)
  2 orc priests
  6 worker ants
  4 orc wizards (D:5)
  A gnoll (D:4)
  13 adders
  An ooze (D:4)
  An adder skeleton (D:4)
  2 worms
  2 dart slugs (D:1)
  4 leopard geckos
  22 orcs
  5 bats
  6 giant cockroaches
  8 goblins
  4 hobgoblins
  14 jackals
  2 quokkas (D:2)
  2 ball pythons (D:3)
  5 frilled lizards
  12 kobolds
  14 rats
136 creatures vanquished.

Notes
Turn   | Place    | Note
-------+----------+-------------------------------------------
     0 | D:1      | Dominolapin the Demonspawn Gladiator began the quest for the Orb.
     0 | D:1      | Reached XP level 1. HP: 16/16 MP: 1/1
   277 | D:1      | Reached skill level 3 in Polearms
   282 | D:1      | Gained mutation: You are partially covered in icy blue scales. (AC +2) [demonic ancestry]
   282 | D:1      | Reached XP level 2. HP: 11/23 MP: 2/2
   868 | D:1      | Gained mutation: You regenerate a little health from kills. [demonic ancestry]
   868 | D:1      | Reached XP level 3. HP: 24/28 MP: 3/3
  1335 | D:2      | Found a faded altar of an unknown god.
  1481 | D:2      | Reached skill level 4 in Polearms
  1492 | D:2      | Gained mutation: You sometimes gain a little power by taking damage. [demonic ancestry]
  1492 | D:2      | Reached XP level 4. HP: 15/34 MP: 4/4
  2091 | D:3      | Gained mutation: You have a pair of small antennae on your head. [demonic ancestry]
  2091 | D:3      | Reached XP level 5. HP: 32/41 MP: 3/5
  2113 | D:3      | Noticed Grinder
  2113 | D:3      | Paralysed by Grinder for 4 turns
  2118 | D:3      | HP: 2/41 [orc/short sword (3)]
  2480 | D:2      | Reached skill level 1 in Armour
  2521 | D:4      | Reached skill level 5 in Polearms
  3060 | D:4      | Found Aczenn's General Store.
  3071 | D:4      | Bought a scroll of enchant armour for 97 gold pieces
  3150 | D:4      | Gained mutation: Your spells are a little harder to cast, but a little more powerful. [potion of mutation]
  3150 | D:4      | Gained mutation: You are covered in fur. (AC +1) [potion of mutation]
  3150 | D:4      | Gained mutation: You have sharp toenails. [potion of mutation]
  3150 | D:4      | Gained mutation: You are resistant to hostile enchantments. (MR+) [potion of mutation]
  3316 | D:4      | Reached XP level 6. HP: 47/47 MP: 6/6
  4077 | D:3      | Killed Grinder
  4077 | D:3      | Reached XP level 7. HP: 39/53 MP: 7/7
  4320 | D:4      | Reached skill level 6 in Polearms
  4359 | D:5      | Entered Level 5 of the Dungeon
  4590 | D:5      | Noticed Edmund
  4607 | D:5      | Killed Edmund
  4607 | D:5      | Reached skill level 7 in Polearms
  4668 | D:5      | Gained mutation: You are mostly covered in icy blue scales. (AC +3) [demonic ancestry]
  4668 | D:5      | Reached XP level 8. HP: 48/61 MP: 5/8
  4837 | D:5      | Noticed Pikel
  4849 | D:5      | Mangled by Pikel

Vault maps used:
D:1:      dpeg_arrival_rooms_with_view, minivault_19
D:2:      chequers_ecumenical_altar_simple
D:3:      first_bread, uniq_grinder
D:4:      serial_co_window_serial, co_window_paths_b, co_window_paths_b,
          co_window_paths_a, co_window_paths_a, co_window_corner_a,
          co_window_corner_a, co_window_paths_a, co_window_corner_a,
          co_window_cross_1, co_window_corner_b, co_window_2corner,
          co_window_corner_ca, co_window_corner_ca, glass_columns_a,
          glass_columns_a, serial_shops, nicolae_shop_stone, feat_on_display
D:5:      minmay_temple_entry_glassed_door, uniq_pikel, uniq_edmund

Skill      XL: |  1  2  3  4  5  6  7 |
---------------+----------------------+-----
Polearms       | 3 4 5 7 |  7.2
Fighting       | 3 4 |  4.5
Armour         | 1 2 3 |  3.7
Throwing       | |  1.7
Dodging        | |  2.6

Action                   |  1- 3 |  4- 6 |  7- 9 || total
-------------------------+-------+-------+-------++-------
Melee: Trident           |   131 |     3 |       ||   134
       Glaive            |       |   236 |   120 ||   356
       Kick              |       |    19 |    19 ||    38
Throw: Throwing net      |       |     1 |       ||     1
  Use: Scroll            |     3 |     6 |       ||     9
       Potion            |       |     5 |     1 ||     6
 Stab: Sleeping          |       |     6 |       ||     6
       Distracted        |       |     1 |       ||     1
  Eat: Chunk             |     2 |     9 |     3 ||    14
Armor: Leather armour    |    37 |    13 |       ||    50
       Scale mail        |       |   130 |    53 ||   183
       Skin              |       |    12 |     7 ||    19
Dodge: Dodged            |    79 |   167 |    62 ||   308
